AA
BAKERSFIELD OTTERS @ GARY SOUTHSHORE RAILCATS
06/01/2099
 
TOP OF THE 1ST
Bakersfield Otters batting - Pitching for Washington Whalers : RHP Steven Estes
Pitching: RHP Steven Estes
Batting: LHB Bobby Trevino 0-0: Called Strike
0-1: Swinging Strike
0-2: Ball
1-2: Ball
2-2: Ball
3-2: Foul Ball, location: 5DF
3-2: Foul Ball, location: 23F
3-2: Fly out, F9 (Line Drive, 9S, EV 90.6 MPH)
Batting: RHB Alex Morales 0-0: Called Strike
0-1: Ball
1-1: Ball
2-1: Fly out, F7 (Flyball, 7, EV 95.6 MPH)
Batting: SHB Jalen Allison 0-0: Foul Ball, location: 2F
0-1: Called Strike
0-2: Ball
1-2: Foul Ball, location: 23F
1-2: Ball
2-2: Ball
3-2: Foul Ball, location: 2F
3-2: Base on Balls
Batting: LHB Tyler Shaw 0-0: Ball
1-0: Called Strike
1-1: Ball
2-1: Called Strike
2-2: Fly out, F7 (Line Drive, 78M, EV 101.9 MPH)
Top of the 1st over - 0 runs, 0 hits, 0 errors, 1 left on base; Bakersfield 0 - Washington 0
BOTTOM OF THE 1ST
Washington Whalers batting - Pitching for Bakersfield Otters : RHP James Chamberlain
Pitching: RHP James Chamberlain
Batting: RHB Bill Galdamez 0-0: Ball
1-0: Foul Ball, location: 2RF
1-1: Called Strike
1-2: Foul Ball, location: 25F
1-2: Ball
2-2: Ground out 5-3 (Groundball, 56S, EV 86.9 MPH)
Batting: LHB Gus Arellano 0-0: Ball
1-0: Foul Ball, location: 2F
1-1: Ball
2-1: Foul Ball, location: 23F
2-2: Ball
3-2: Foul Ball, location: 7LDF
3-2: SINGLE (Line Drive, 56D, EV 99.4 MPH)
Batting: LHB Greg Lepley 0-0: Called Strike
0-1: Foul Ball, location: 2F
0-2: Strikes out swinging
Batting: LHB Manuel Fuentes 0-0: Ball
1-0: Ball
2-0: Foul Ball, location: 25FF
2-1: Ball
3-1: Base on Balls
Gus Arellano to second
Batting: RHB Michinobu Umetsu 0-0: Called Strike
0-1: Ball
1-1: Fly out, F8 (Flyball, 8RXD, EV 100.6 MPH)
Bottom of the 1st over - 0 runs, 1 hit, 0 errors, 2 left on base; Bakersfield 0 - Washington 0
TOP OF THE 2ND
Bakersfield Otters batting - Pitching for Washington Whalers : RHP Steven Estes
Batting: RHB Juan Pena 0-0: Called Strike
0-1: Foul Ball, location: 3FF
0-2: Ground out 6-3 (Groundball, 6, EV 88.8 MPH)
Batting: RHB Brandon Walls 0-0: Ball
1-0: Ball
2-0: Ball
3-0: Swinging Strike
3-1: Base on Balls
Batting: RHB Jesse Reyna 0-0: Reached on error, E4 (Groundball, 4, EV 103.8 MPH)
Brandon Walls to second
Batting: RHB Javier Villasana 0-0: Fielders Choice at 2nd, 6-4 (Groundball, 6, EV 86.9 MPH)
Brandon Walls to third
Batting: RHB Kyle Bausch 0-0: Ball
Javier Villasana steals 2nd base
1-0: Ball
2-0: Called Strike
2-1: SINGLE (Groundball, 34D, EV 96.3 MPH)
Brandon Walls scores
Javier Villasana to third
Runner from 3rd tries for Home, throw by RF and OUT! 9-2
Top of the 2nd over - 1 run, 1 hit, 1 error, 1 left on base; Bakersfield 1 - Washington 0
BOTTOM OF THE 2ND
Washington Whalers batting - Pitching for Bakersfield Otters : RHP James Chamberlain
Batting: LHB Caleb Mattingly 0-0: Swinging Strike
0-1: Foul Ball, location: 5FF
0-2: Foul Ball, location: 2F
0-2: Ground out 6-3 (Groundball, 6, EV 96.9 MPH)
Batting: LHB Matt DeVito 0-0: Ball
1-0: SINGLE (Line Drive, 7S, EV 97.5 MPH)
Batting: LHB Antonio Velez 0-0: SINGLE (Groundball, 4M, EV 98.8 MPH) (infield hit)
Matt DeVito to second
Batting: RHB Nick Baker 0-0: Fly out, F7 (Flyball, 7, EV 91.9 MPH)
Batting: RHB Bill Galdamez 0-0: Ball
1-0: Ball
2-0: Swinging Strike
2-1: Foul Ball, location: 2RF
2-2: Fielders Choice at 2nd, 5-4 (Groundball, 56, EV 103.1 MPH)
Bottom of the 2nd over - 0 runs, 2 hits, 0 errors, 2 left on base; Bakersfield 1 - Washington 0
TOP OF THE 3RD
Bakersfield Otters batting - Pitching for Washington Whalers : RHP Steven Estes
Batting: LHB Bobby Trevino 0-0: Ground out 5-3 (Groundball, 56, EV 85.0 MPH)
Batting: RHB Alex Morales 0-0: Fly out, F8 (Flyball, 8RXD, EV 95.6 MPH)
Batting: SHB Jalen Allison 0-0: Ball
1-0: Ball
2-0: Ball
3-0: Hit by Pitch
Batting: LHB Tyler Shaw 0-0: Called Strike
0-1: Ball
1-1: Ball
2-1: Foul Ball, location: 2F
2-2: Ball
3-2: 2-RUN HOME RUN (Flyball, 7D, EV 99.4 MPH), Distance : 368 ft
Batting: RHB Juan Pena 0-0: Swinging Strike
0-1: Fly out, F7 (Flyball, 7, EV 96.9 MPH)
Top of the 3rd over - 2 runs, 1 hit, 0 errors, 0 left on base; Bakersfield 3 - Washington 0
BOTTOM OF THE 3RD
Washington Whalers batting - Pitching for Bakersfield Otters : RHP James Chamberlain
Batting: LHB Gus Arellano 0-0: Called Strike
0-1: Called Strike
0-2: Foul Ball, location: 2F
0-2: Strikes out swinging
Batting: LHB Greg Lepley 0-0: Called Strike
0-1: Ball
1-1: Ball
2-1: SINGLE (Groundball, 6MD, EV 93.8 MPH)
Batting: LHB Manuel Fuentes 0-0: Called Strike
0-1: 2-RUN HOME RUN (Flyball, 8LXD, EV 110.0 MPH), Distance : 426 ft
Batting: RHB Michinobu Umetsu 0-0: SINGLE (Groundball, 34D, EV 100.0 MPH)
Batting: LHB Caleb Mattingly 0-0: Ball
1-0: Ball
2-0: Ball
3-0: Base on Balls
Michinobu Umetsu to second
Batting: LHB Matt DeVito 0-0: Swinging Strike
0-1: Called Strike
Balk!
Michinobu Umetsu to third
Caleb Mattingly to second
0-2: Strikes out looking
Batting: LHB Antonio Velez 0-0: Foul Ball, location: 7LDF
0-1: Ball
1-1: Ball
2-1: Ground out 4-3 (Groundball, 4D, EV 100.6 MPH)
Bottom of the 3rd over - 2 runs, 3 hits, 0 errors, 2 left on base; Bakersfield 3 - Washington 2
TOP OF THE 4TH
Bakersfield Otters batting - Pitching for Washington Whalers : RHP Steven Estes
Batting: RHB Brandon Walls 0-0: Foul Ball, location: 9LDF
0-1: Called Strike
0-2: Ball
1-2: Strikes out swinging
Batting: RHB Jesse Reyna 0-0: DOUBLE (Line Drive, 89D, EV 106.9 MPH)
Batting: RHB Javier Villasana 0-0: Ball
1-0: SINGLE (Line Drive, 78S, EV 110.6 MPH)
Jesse Reyna to third
Batting: RHB Kyle Bausch 0-0: Ball
Javier Villasana steals 2nd base
1-0: Fly out, F8 (Line Drive, 8LM, EV 95.6 MPH)
Runner from 3rd tags up, SCORES, throw by CF
Javier Villasana to third
Batting: LHB Bobby Trevino 0-0: Called Strike
0-1: Called Strike
0-2: Foul Ball, location: 5F
0-2: Fly out, F7 (Flyball, 7LS, EV 89.4 MPH)
Top of the 4th over - 1 run, 2 hits, 0 errors, 1 left on base; Bakersfield 4 - Washington 2
BOTTOM OF THE 4TH
Washington Whalers batting - Pitching for Bakersfield Otters : RHP James Chamberlain
Batting: RHB Nick Baker 0-0: Called Strike
0-1: Ball
1-1: Ball
2-1: Ground out 4-3 (Groundball, 4M, EV 106.9 MPH)
Batting: RHB Bill Galdamez 0-0: Ball
1-0: Ball
2-0: Called Strike
2-1: Ball
3-1: DOUBLE (Line Drive, 9LS, EV 96.3 MPH)
Batting: LHB Gus Arellano 0-0: Ball
1-0: Ball
2-0: Ground out 4-3 (Groundball, 4, EV 85.0 MPH)
Bill Galdamez to third
Batting: LHB Greg Lepley 0-0: Called Strike
0-1: Foul Ball, location: 7LSF
0-2: Ball
1-2: Strikes out swinging
Bottom of the 4th over - 0 runs, 1 hit, 0 errors, 1 left on base; Bakersfield 4 - Washington 2
TOP OF THE 5TH
Bakersfield Otters batting - Pitching for Washington Whalers : RHP Steven Estes
Batting: RHB Alex Morales 0-0: Ball
1-0: Ball
2-0: Called Strike
2-1: Called Strike
2-2: Strikes out swinging
Batting: SHB Jalen Allison 0-0: Called Strike
0-1: Swinging Strike
0-2: Ball
1-2: SINGLE (Line Drive, 4D, EV 106.3 MPH)
Batting: LHB Tyler Shaw 0-0: Called Strike
0-1: Ball
1-1: Called Strike
1-2: Fly out, F9 (Flyball, 89D, EV 106.3 MPH)
Batting: RHB Juan Pena 0-0: 2-RUN HOME RUN (Flyball, 7LD, EV 94.4 MPH), Distance : 330 ft
Pitching: LHP Alex May
Batting: RHB Brandon Walls 0-0: SINGLE (Groundball, 6MD, EV 100.6 MPH)
Batting: RHB Jesse Reyna 0-0: Ground out 5-3 (Groundball, 56S, EV 83.8 MPH)
Top of the 5th over - 2 runs, 3 hits, 0 errors, 1 left on base; Bakersfield 6 - Washington 2
BOTTOM OF THE 5TH
Washington Whalers batting - Pitching for Bakersfield Otters : RHP James Chamberlain
Batting: LHB Manuel Fuentes 0-0: Ground out 6-3 (Groundball, 6M, EV 97.5 MPH)
Batting: RHB Michinobu Umetsu 0-0: SINGLE (Flyball, 4MD, EV 95.6 MPH)
Batting: LHB Caleb Mattingly 0-0: Foul Ball, location: 2F
0-1: Called Strike
0-2: SINGLE (Flyball, 4D, EV 88.8 MPH)
Michinobu Umetsu to second
Batting: LHB Matt DeVito 0-0: Called Strike
0-1: Ball
1-1: Called Strike
1-2: Ball
2-2: Ball
3-2: 3-RUN HOME RUN (Flyball, 78XD, EV 101.9 MPH), Distance : 404 ft
Pitching: RHP Mark Perkins
Batting: LHB Antonio Velez 0-0: Called Strike
0-1: Called Strike
0-2: Strikes out looking
Batting: RHB Nick Baker 0-0: Called Strike
0-1: Ball
1-1: Fly out, F8 (Flyball, 8LS, EV 85.6 MPH)
Bottom of the 5th over - 3 runs, 3 hits, 0 errors, 0 left on base; Bakersfield 6 - Washington 5
TOP OF THE 6TH
Bakersfield Otters batting - Pitching for Washington Whalers : LHP Alex May
Batting: RHB Javier Villasana 0-0: Ball
1-0: Called Strike
1-1: Ball
2-1: Foul Ball, location: 5FF
2-2: Ball
3-2: Strikes out swinging
Batting: RHB Kyle Bausch 0-0: Ball
1-0: Swinging Strike
1-1: Ball
2-1: Foul Ball, location: 2F
2-2: Strikes out swinging
Batting: LHB Bobby Trevino 0-0: Ball
1-0: Ball
2-0: Ground out 2-3 (Groundball, 15S, EV 71.9 MPH)
Top of the 6th over - 0 runs, 0 hits, 0 errors, 0 left on base; Bakersfield 6 - Washington 5
BOTTOM OF THE 6TH
Washington Whalers batting - Pitching for Bakersfield Otters : RHP Mark Perkins
Batting: RHB Bill Galdamez 0-0: Ball
1-0: Ball
2-0: Foul Ball, location: 5F
2-1: Fly out, F8 (Flyball, 8RD, EV 81.3 MPH)
Batting: LHB Gus Arellano 0-0: SINGLE (Groundball, P, EV 93.1 MPH) (infield hit)
Batting: LHB Greg Lepley 0-0: Ball
1-0: Ball
2-0: Called Strike
2-1: Swinging Strike
2-2: Ball
3-2: Base on Balls
Gus Arellano to second
Batting: LHB Manuel Fuentes 0-0: Called Strike
0-1: Ball
1-1: Ball
2-1: Ball
3-1: Called Strike
3-2: Foul Ball, location: 2F
3-2: Base on Balls
Gus Arellano to third
Greg Lepley to second
Batting: RHB Michinobu Umetsu 0-0: Swinging Strike
0-1: Foul Ball, location: 5FF
0-2: Ball
1-2: Ball
2-2: Foul Ball, location: 5DF
2-2: Strikes out swinging
Batting: LHB Caleb Mattingly 0-0: Ball
1-0: Swinging Strike
1-1: Ball
2-1: Foul Ball, location: 9LSFF
2-2: Ball
3-2: Foul Ball, location: 23F
3-2: Foul Ball, location: 9LDF
3-2: Strikes out swinging
Bottom of the 6th over - 0 runs, 1 hit, 0 errors, 3 left on base; Bakersfield 6 - Washington 5
TOP OF THE 7TH
Bakersfield Otters batting - Pitching for Washington Whalers : LHP Alex May
Batting: RHB Alex Morales 0-0: Foul Ball, location: 2F
0-1: Swinging Strike
0-2: Foul Ball, location: 7LMF
0-2: Ball
1-2: Ground out 5-3 (Groundball, 5, EV 79.4 MPH)
Pitching: RHP Mike Fluitt
Batting: SHB Jalen Allison 0-0: Swinging Strike
0-1: SOLO HOME RUN (Flyball, 89XD, EV 100.6 MPH), Distance : 398 ft
Batting: LHB Tyler Shaw 0-0: Ball
1-0: Ball
2-0: Ball
3-0: Called Strike
3-1: Base on Balls
Batting: RHB Juan Pena 0-0: Ball
1-0: Foul Ball, location: 9LDF
1-1: Ball
2-1: DOUBLE (Flyball, 78D, EV 93.8 MPH)
Tyler Shaw to third
Batting: RHB Brandon Walls 0-0: Ball
1-0: 3-RUN HOME RUN (Line Drive, 7D, EV 96.9 MPH), Distance : 369 ft
Pitching: RHP Jose Reategui
Batting: RHB Jesse Reyna 0-0: Ball
1-0: Fly out, F9 (Flyball, 9, EV 92.5 MPH)
Batting: RHB Javier Villasana 0-0: Called Strike
0-1: Ball
1-1: Called Strike
1-2: Foul Ball, location: 3F
1-2: Strikes out swinging
Top of the 7th over - 4 runs, 3 hits, 0 errors, 0 left on base; Bakersfield 10 - Washington 5
BOTTOM OF THE 7TH
Washington Whalers batting - Pitching for Bakersfield Otters : RHP Mark Perkins
Batting: LHB Matt DeVito 0-0: Ball
1-0: Ball
2-0: Ground out 6-3 (Groundball, 6M, EV 96.3 MPH)
Pitching: RHP Edarian Crawford
Batting: LHB Antonio Velez 0-0: Ground out 4-3 (Groundball, 4S, EV 92.5 MPH)
Batting: RHB Nick Baker 0-0: Ball
1-0: Foul Ball, location: 2F
1-1: Called Strike
1-2: Strikes out swinging
Bottom of the 7th over - 0 runs, 0 hits, 0 errors, 0 left on base; Bakersfield 10 - Washington 5
TOP OF THE 8TH
Bakersfield Otters batting - Pitching for Washington Whalers : RHP Jose Reategui
Batting: RHB Kyle Bausch 0-0: Ball
1-0: Ball
2-0: SINGLE (Line Drive, 4D, EV 106.9 MPH)
Batting: LHB Bobby Trevino 0-0: Ball
1-0: Swinging Strike
1-1: Swinging Strike
1-2: Foul Ball, location: 7LDF
1-2: Strikes out swinging
Batting: RHB Alex Morales 0-0: Called Strike
0-1: Ball
1-1: Foul Ball, location: 2F
1-2: Ball
2-2: Fly out, F8 (Flyball, 8RD, EV 111.3 MPH)
Batting: SHB Jalen Allison 0-0: Ball
1-0: Ball
2-0: Called Strike
2-1: Swinging Strike
2-2: Fielders Choice at 2nd, 6-4 (Groundball, 4M, EV 82.5 MPH)
Top of the 8th over - 0 runs, 1 hit, 0 errors, 1 left on base; Bakersfield 10 - Washington 5
BOTTOM OF THE 8TH
Washington Whalers batting - Pitching for Bakersfield Otters : RHP Edarian Crawford
Batting: RHB Bill Galdamez 0-0: Ball
1-0: Ball
2-0: Called Strike
2-1: Foul Ball, location: 9LMF
2-2: Strikes out looking
Batting: LHB Gus Arellano 0-0: Ground out 6-3 (Groundball, 4MS, EV 73.8 MPH)
Batting: LHB Greg Lepley 0-0: Ball
1-0: Ball
2-0: Ball
3-0: Base on Balls
Batting: LHB Manuel Fuentes 0-0: Ball
1-0: Ball
2-0: SINGLE (Groundball, 4D, EV 101.9 MPH)
Greg Lepley to second
Runner from 2nd tries for 3rd, SAFE, no throw by CF
Batting: RHB Michinobu Umetsu 0-0: Called Strike
0-1: Fly out, F7 (Flyball, 78D, EV 84.4 MPH)
Bottom of the 8th over - 0 runs, 1 hit, 0 errors, 2 left on base; Bakersfield 10 - Washington 5
TOP OF THE 9TH
Bakersfield Otters batting - Pitching for Washington Whalers : RHP Jose Reategui
Batting: LHB Tyler Shaw 0-0: Ball
1-0: Called Strike
1-1: Ball
2-1: Ball
3-1: Foul Ball, location: 23F
3-2: SOLO HOME RUN (Flyball, 9D, EV 94.4 MPH), Distance : 355 ft
Pitching: RHP Eddie Palacios
Batting: RHB Juan Pena 0-0: Foul Ball, location: 2F
0-1: Foul Ball, location: 25F
0-2: Ball
1-2: Strikes out swinging
Batting: RHB Brandon Walls 0-0: Called Strike
0-1: Called Strike
0-2: Ball
1-2: Ball
2-2: Strikes out swinging
Batting: RHB Jesse Reyna 0-0: Ball
1-0: Fly out, F6 (Line Drive, 6, EV 101.3 MPH)
Top of the 9th over - 1 run, 1 hit, 0 errors, 0 left on base; Bakersfield 11 - Washington 5
BOTTOM OF THE 9TH
Washington Whalers batting - Pitching for Bakersfield Otters : RHP Edarian Crawford
Batting: LHB Caleb Mattingly 0-0: Ball
1-0: Fly out, F9 (Flyball, 89M, EV 89.4 MPH)
Batting: LHB Matt DeVito 0-0: Called Strike
0-1: SINGLE (Groundball, 4MD, EV 94.4 MPH)
Pitching: RHP Freddy Capo
Batting: LHB Antonio Velez 0-0: Called Strike
0-1: Ball
1-1: Called Strike
1-2: Foul Ball, location: 7LSF
1-2: Ball
2-2: Ball
3-2: Foul Ball, location: 3FF
3-2: Base on Balls
Matt DeVito to second
Batting: RHB Nick Baker 0-0: Called Strike
0-1: Ball
1-1: Ball
2-1: Ball
3-1: Foul Ball, location: 3F
3-2: Base on Balls
Matt DeVito to third
Antonio Velez to second
Batting: RHB Bill Galdamez 0-0: Called Strike
0-1: Foul Ball, location: 23FF
0-2: Strikes out swinging
Batting: LHB Gus Arellano 0-0: Ball
1-0: DOUBLE (Groundball, 3L, EV 96.9 MPH)
Matt DeVito scores
Antonio Velez scores
Nick Baker to third
Batting: LHB Greg Lepley 0-0: Fly out, F6 (Line Drive, 6, EV 70.6 MPH)
Bottom of the 9th over - 2 runs, 2 hits, 0 errors, 2 left on base; Bakersfield 11 - Washington 7
Tuesday, May 7th , 2024 - OOTP Baseball 24.11 Build 85